AoeStats
← Jackow

Arabia

509570237Analyzed
1v1 RM · 6d ago on Sep 27, 2026· 10m 57s· 2 players
Game mode
Random Map
Map size
Tiny (2 player)
Population
200
Speed
Normal
Resources
Standard
Victory
Conquest
Starting age
Dark Age
Ending age
Imperial Age
RankedLock teamsTeams togetherTeam positionsShared explorationLock speedFull tech treeHidden civsTurbo modeCheats
Victory
Defeat
🇹🇼 Danes · Taiwan
1428
+18
🇩🇪 Tatars · Germany
1480
-18
Naughty Fox
4:31 Loom
9:25 Feudal Age
9:26 Man-at-Arms
Jackow
7:04 Loom
8:55 Feudal Age
7:13 Loom
9:25 Double-Bit Axe
9:21 Horse Collar
10:24 Town Watch
Connection lost

Rejoining the realm…

Still unreachable

The connection could not be restored.

Session expired

The server has moved on; the page needs a fresh start.